 Dungeon Crawl Stone Soup version 0.29.1-2-gbd0b4ee654 (webtiles) character file.

Game seed: 7959605455979136641

7 xian the Trooper (level 1, -5/18 HPs)
             Began as a Demonspawn Chaos Knight on Nov 27, 2022.
             Was a Plaything of Xom.
             Slain by a gnoll
             ... wielding a +0 flail
              (7 damage)
             ... on level 1 of the Dungeon.
             The game lasted 00:00:31 (170 turns).

xian the Trooper (Demonspawn Chaos Knight)           Turns: 170, Time: 00:00:32

Health: -5/18      AC:  5    Str: 12    XL:     1   Next: 91%
Magic:  1/1        EV: 11    Int: 13    God:    Xom [..*...]
Gold:   7          SH:  0    Dex: 12    Spells: 0/0 levels left

rFire   . . .      SeeInvis .   a - +0 short sword (chaos)
rCold   . . .      Faith    .   (no shield)
rNeg    . . .      Spirit   .   b - +2 leather armour
rPois   .          Reflect  .   (no helmet)
rElec   .          Harm     .   (no cloak)
rCorr   .          Rampage  .   (no gloves)
Will    .....                   (no boots)
Stlth   +.........              (no amulet)
HPRegen 0.06/turn               (no ring)
MPRegen 0.07/turn               (no ring)

@: no status effects
A: no striking features
a: Renounce Religion


You were on level 1 of the Dungeon.
You worshipped Xom.
You were a toy of Xom.
You visited 1 branch of the dungeon, and saw 1 of its levels.

You collected 7 gold pieces.

Inventory:

Hand Weapons
 a - a +0 short sword of chaos (weapon)
Armour
 b - a +2 leather armour (worn)
Potions
 d - a potion of might {unknown}
 e - a potion of heal wounds
 f - a potion of flight {unknown}
Miscellaneous
 c - a piece from Xom's chessboard (15/15) (quivered)


   Skills:
 + Level 3.1 Fighting
 + Level 2.8 Short Blades
 + Level 2.0 Armour
 + Level 1.0 Dodging


You couldn't memorise any spells.
You didn't know any spells.
Your spell library was empty.

Dungeon Overview and Level Annotations

Branches:
Dungeon (1/15)

Altars:


Message History

You kill the kobold!
It was a potion of heal wounds.
You feel much better. The endoplasm barely misses you.
You hit the endoplasm. You drain the endoplasm.
The endoplasm is almost dead.
The endoplasm freezes you.
You are frozen.
You completely miss the endoplasm.
The endoplasm is almost dead.
The endoplasm freezes you.
You are frozen.
You hit the endoplasm.
You kill the endoplasm!
A bat comes into view.
The bat moves out of view.
You barely miss the rat. The rat bites you but does no damage.
You barely miss the rat. The rat misses you.
You hit the rat.
You kill the rat!
The quokka barely misses you.
Your Dodging skill increases to level 1!
You barely miss the quokka. The quokka bites you.
You hit the quokka but do no damage. The quokka bites you.
* * * LOW HITPOINT WARNING * * *
You hit the quokka but do no damage.
The quokka is poisoned.
The quokka bites you but does no damage.
You closely miss the quokka.
The quokka is moderately wounded.
The quokka barely misses you.
You hit the quokka.
You kill the quokka!
Unknown command.
You hit the gnoll but do no damage. The gnoll hits you with a +0 flail.
* * * LOW HITPOINT WARNING * * *
You completely miss the gnoll. The gnoll closely misses you.
You hit the gnoll but do no damage.
The gnoll seems to grow stronger.
Xom thinks this is hilarious!
The gnoll hits you with a +0 flail!
You die...
Xom cackles wildly!

................#...###..........
................# #.....#........
....[...........# #..###$.......
................####.............
.............†...................
...#####.##..............g....>..
..## #.##.....##...###.........
...# #.##.....##B### ##.......#
.... .........@gg# #...#.!## ...
##.##..####### #...###.# ...
#....## ###..#g.. .. ######


You could see a gnoll (strong), a giant cockroach and a goblin.

Vanquished Creatures
  An endoplasm (D:1)
  A hobgoblin (D:1)
  A quokka (D:1)
  A bat (D:1)
  A frilled lizard (D:1)
  A kobold (D:1)
  2 rats (D:1)
8 creatures vanquished.

Notes
Turn   | Place    | Note
-------+----------+-------------------------------------------
     0 | D:1      | xian the Demonspawn Chaos Knight began the quest for the
                  | Orb.
     0 | D:1      | Reached XP level 1. HP: 18/18 MP: 1/1
   163 | D:1      | Reached skill level 1 in Dodging
   170 | D:1      | Slain by a gnoll

Illustrated notes

Levels and vault maps discovered:
D:1:      lightli_arrival_maybe_door_vault, layout_rooms,
          hellmonk_ecumenical_altar_inner_sanctum, minmay_fountain_box,
          minmay_pentomino_r4

Skill      XL: |  1 |
---------------+----+-----
Armour         | 2 |  2.0
Dodging        | 1 |  1.0
Fighting       | |  3.1
Short Blades   | |  2.8

Action                   || total
-------------------------++-------
Melee: Short sword       ||    27
  Use: Potion            ||     1
Armor: Leather armour    ||     5
Dodge: Dodged            ||    16
